 Dungeon Crawl Stone Soup version 0.17.1-2-g5865329 (webtiles) character file.

8 ololoev the Skirmisher (level 2, -7/24 HPs)
             Began as a Demonspawn Fighter on Feb 12, 2016.
             Mangled by an orc
             ... wielding a +0 flail
              (9 damage)
             ... on level 3 of the Dungeon.
             The game lasted 00:01:44 (279 turns).

ololoev the Skirmisher (Demonspawn Fighter)          Turns: 279, Time: 00:01:45

Health: -7/24      AC:  6    Str: 16    XL:     2   Next: 0%
Magic:  2/2        EV:  6    Int:  9    God:
Gold:   14         SH:  8    Dex: 12    Spells: 0 memorised, 1 level left

rFire  . . .     SeeInvis .     a - +0 war axe
rCold  . . .     Clarity  .     b - +0 scale mail
rNeg   . . .     SustAt   .     c - +0 shield
rPois  .         Gourm    .     (no helmet)
rElec  .         Spirit   .     (no cloak)
rCorr  .         Warding  .     (no gloves)
rMut   .         Stasis   .     (no boots)
MR     .....                    (no amulet)
Stlth  ..........               (no ring)
                                (no ring)

@: not resistant to hostile enchantments, extremely unstealthy
A: hooves 1
a: no special abilities


Innate Abilities, Weirdness & Mutations

You have large cloven feet.

Inventory:

Hand Weapons
 a - a +0 war axe (weapon)
Missiles
 i - 11 poisoned needles
Armour
 b - a +0 scale mail (worn)
 c - a +0 shield (worn)
Scrolls
 f - a scroll of remove curse {unknown}
 g - a scroll of fog {unknown}
 h - 2 scrolls of identify {unknown}
 k - a scroll of random uselessness {unknown}
Potions
 d - a potion of might
 l - a potion of degeneration {unknown}
Comestibles
 e - 2 bread rations
 j - 2 chunks of flesh


   Skills:
 - Level 3.0 Fighting
 * Level 2.2 Axes
 + Level 2.9 Armour
 - Level 2.6 Shields


You had one spell level left.
You didn't know any spells.


You were on level 3 of the Dungeon.
You were not hungry.

You visited 1 branch of the dungeon, and saw 3 of its levels.

You collected 14 gold pieces.

## #........... )..
#..........# ...
#>.........#
#.##..?.......### .
.................
...##....(.....#.#
......o).........##
......o@†..........
..###.##..<.....###
.. ###.>......#
.....###.........###
... ............#...
.. .#
.#.###........# ..##
.. #..........##....
.....##.......#..###
###.. #.........####

Notes
Turn   | Place    | Note
--------------------------------------------------------------
     0 | D:1      | ololoev the Demonspawn Fighter began the quest for the Orb.
     0 | D:1      | Reached XP level 1. HP: 18/18 MP: 1/1
   273 | D:3      | Gained mutation: You have large cloven feet. [demonic ancestry]
   273 | D:3      | Reached XP level 2. HP: 12/24 MP: 2/2
   279 | D:3      | Mangled by an orc

Dungeon Overview and Level Annotations

Branches:
Dungeon (3/15)

Altars:


Message History

The orc barely misses you.
Unknown command.
You closely miss the orc. You hit the orc.
You kill the orc!
You have reached level 2!
Your demonic ancestry asserts itself...
Your feet thicken and deform.
The orc hits you but does no damage. The orc barely misses you.
Your shield and scale mail prevent you from hitting the orc.
Your kick misses the orc. You hit the orc.
The orc is moderately wounded.
The orc hits you but does no damage. x2
The orc hits you with a flail.
You hit the orc but do no damage. You kick the orc, but do no damage.
You hit the orc but do no damage.
The orc is moderately wounded.
You block the orc's attack. The orc hits you but does no damage.
The orc hits you with a whip.
You barely miss the orc.
Your shield and scale mail prevent you from hitting the orc.
The orc is moderately wounded.
You block the orc's attack. The orc hits you but does no damage.
You closely miss the orc. Your kick misses the orc.
You hit the orc but do no damage.
The orc is moderately wounded.
The orc hits you with a whip. The orc hits you with a flail.
You hit the orc. You kick the orc, but do no damage.
The orc is lightly wounded.
Your shield and scale mail prevent you from hitting the orc.
The orc is moderately wounded.
You block the orc's attack. x2
The orc hits you but does no damage.
Your shield and scale mail prevent you from hitting the orc.
You kick the orc, but do no damage.
The orc is lightly wounded.
You hit the orc.
The orc is heavily wounded.
You block the orc's attack. The orc hits you with a whip.
The orc hits you with a flail!
You die...

You could see 2 orcs.

Vanquished Creatures
  An orc (D:3)
  A giant cockroach (D:3)
  A goblin (D:3)
  A hobgoblin (D:3)
  2 bats
  A giant newt (D:1)
7 creatures vanquished.

Action                   || total
-------------------------++-------
Melee: War axe           ||    31

Vault maps used:
D:1:      minmay_arrival_pointy, columned_hall_lemuel
D:3:      serial_aquarium, aquarium_bridge_square, aquarium_window_fake,
          aquarium_window_2, aquarium_view_2a, aquarium_view_2e,
          makhleb_altar_promises_db
